 Dungeon Crawl Stone Soup version 0.29.0-4-gdea44cf6ec (webtiles) character file.

Game seed: 9104169824725549237

71 qw the Chopper (level 4, -1/26 HPs)
             Began as a Tengu Warper on Aug 29, 2022.
             Slain by a black bear (5 damage)
             ... on level 3 of the Dungeon.
             The game lasted 00:00:52 (2995 turns).

qw the Chopper (Tengu Warper)                       Turns: 2995, Time: 00:00:53

Health: -1/26      AC:  5    Str: 13    XL:     4   Next: 24%
Magic:  8/8        EV:  7    Int: 13    God:
Gold:   112        SH: 12    Dex: 14    Spells: 7/7 levels left

rFire   . . .      SeeInvis .   Y - +2 hand axe
rCold   . . .      Faith    .   e - +0 tower shield
rNeg    . . .      Spirit   .   j - +0 ring mail
rPois   .          Reflect  .   (helmet restricted)
rElec   .          Harm     .   (no cloak)
rCorr   .          Rampage  .   (no gloves)
Will    .....                   (boots unavailable)
Stlth   +.........              (no amulet)
HPRegen 0.08/turn               (no ring)
MPRegen 0.11/turn               (no ring)

@: about to teleport
A: beak, talons 3
a: no special abilities


You were on level 3 of the Dungeon.
You visited 1 branch of the dungeon, and saw 3 of its levels.

You collected 112 gold pieces.


Innate Abilities, Weirdness & Mutations

You have a beak for a mouth.
You have claws for feet.


   Skills:
 - Level 2.0 Fighting
 - Level 3.6 Axes
 - Level 1.0 Throwing
 - Level 1.1 Armour
 - Level 2.1 Dodging
 + Level 2.5 Shields
 - Level 2.0 Spellcasting
 - Level 2.4 Translocations


You had 7 spell levels left.
You didn't know any spells.
Your spell library contained the following spells:

 Spells                   Type           Power      Damage    Failure   Level
 Blink                    Tloc           14%        N/A       99%         2
 Gell's Gravitas          Tloc           7%         N/A       100%        3
 Lesser Beckoning         Tloc           7%         N/A       100%        3
 Teleport Other           Tloc           7%         N/A       100%        3
 Manifold Assault         Tloc           7%         N/A       100%        5

Inventory:

Hand Weapons
 c - a +0 whip
 Y - a +2 hand axe (weapon)
Armour
 e - a +0 tower shield (worn)
 j - a +0 ring mail (worn)
Jewellery
 a - an amulet of the acrobat
Scrolls
 b - a scroll of acquirement {unknown}
 d - a scroll of summoning {unknown}
 h - 2 scrolls of identify
Potions
 f - a potion of attraction {unknown}
 g - a potion of cancellation {unknown}
 i - a potion of haste {unknown}
 k - a potion of curing {unknown}
 l - a potion of invisibility {unknown}
 m - a potion of brilliance {unknown}

Dungeon Overview and Level Annotations

Branches:
Dungeon (3/15)

Altars:


Message History

You hit the quokka.
You kill the quokka!
You hear the rusting of a very distant drain.
You start resting.
HP restored.
You hear the rusting of a very distant drain.
A black bear comes into view.
The black bear growls angrily.
You closely miss the black bear.
You claw the black bear, but do no damage.
The black bear bites you. The black bear claws you. x2
You hit the black bear but do no damage.
You claw the black bear.
The black bear is lightly wounded.
You block the black bear's attack. x2; The black bear barely misses you. x2
The black bear claws you. The black bear closely misses you.
You hit the black bear.
The black bear is lightly wounded.
You block the black bear's attack. x3
You hit the black bear. Your peck misses the black bear.
The black bear is moderately wounded.
The black bear bites you. You block the black bear's attack.
The black bear barely misses you. You block the black bear's attack.
The black bear claws you but does no damage.
The black bear closely misses you.
You hit the black bear. Your peck misses the black bear.
The black bear is heavily wounded.
You block the black bear's attack. The black bear barely misses you.
You block the black bear's attack.
You hit the black bear. You claw the black bear.
The black bear is heavily wounded.
The black bear bites you but does no damage.
The black bear claws you but does no damage.
The black bear barely misses you. The black bear bites you.
The black bear claws you but does no damage. x2
2995 ||| READING scroll of teleportation.
As you read the scroll of teleportation, it crumbles to dust.
You feel strangely unstable. The black bear bites you.
You die...

. ...
.....######
......h@..#
.......##.#
....##. #.#
... #. #.#
# #. #.# #.
#.# #.##.#
#.#..#
#.#.##


You could see a black bear.

Vanquished Creatures
  3 adders (D:2)
  2 dart slugs
  3 bats
  2 endoplasms (D:1)
  2 goblins
  5 hobgoblins
  5 quokkas
  8 ball pythons
  2 frilled lizards
  5 kobolds
  5 rats (D:1)
42 creatures vanquished.

Vanquished Creatures (others)
  2 plants (D:1)
2 creatures vanquished.

Grand Total: 44 creatures vanquished

Notes
Turn   | Place    | Note
-------+----------+-------------------------------------------
     0 | D:1      | qw the Tengu Warper began the quest for the Orb.
     0 | D:1      | Reached XP level 1. HP: 12/12 MP: 4/4
     0 | D:1      | 0 ||| qw: Version: 0.1-a-89-g26bdef1
     0 | D:1      | 0 ||| qw: Game counter: 3473
     0 | D:1      | 0 ||| qw: Always use a shield: true
     0 | D:1      | 0 ||| qw: God list: Okawaru
     0 | D:1      | 0 ||| qw: Allow faded altars: false
     0 | D:1      | 0 ||| qw: Do Orc after D:15 true
     0 | D:1      | 0 ||| qw: Do second Lair branch before Depths: true
     0 | D:1      | 0 ||| qw: Lair rune preference: random
     0 | D:1      | 0 ||| qw: Plans: Normal
     0 | D:1      | 0 ||| PLANNING D:1-11
   174 | D:1      | 174 ||| Stepping ~*~*~tactically~*~*~ (stealth).
   180 | D:1      | Reached skill level 3 in Axes
   180 | D:1      | Reached XP level 2. HP: 16/17 MP: 6/6
   276 | D:1      | Found a faded altar of an unknown god.
   478 | D:1      | 478 ||| Stepping ~*~*~tactically~*~*~ (water).
   807 | D:1      | 807 ||| DROPPING +0 hand axe of holy wrath.
  1227 | D:1      | 1227 ||| UPGRADING to +0 tower shield.
  1232 | D:1      | 1232 ||| UPGRADING to +0 ring mail.
  1242 | D:1      | 1242 ||| DROPPING +0 leather armour.
  1243 | D:1      | 1243 ||| READING scroll labelled VAYCVIRURIV.
  1244 | D:1      | 1244 ||| READING scroll labelled TAOLYK VODED.
  1248 | D:1      | 1248 ||| READING scroll labelled ECLIEM WINA.
  1249 | D:1      | 1249 ||| READING scroll labelled OQOYCK MIOTANG.
  1383 | D:1      | 1383 ||| DROPPING scroll of blinking.
  1601 | D:2      | Reached XP level 3. HP: 21/21 MP: 7/7
  1612 | D:2      | 1612 ||| READING scroll of enchant weapon.
  1612 | D:2      | 1612 ||| ENCHANTING +1 hand axe.
  1677 | D:2      | 1677 ||| Stepping ~*~*~tactically~*~*~ (stealth).
  1686 | D:2      | Reached skill level 1 in Shields
  1802 | D:2      | 1802 ||| DROPPING +0 club.
  1977 | D:2      | Reached XP level 4. HP: 26/26 MP: 8/8
  2743 | D:2      | 2743 ||| READING scroll labelled ZIGREI CYHAOT.
  2744 | D:2      | 2744 ||| READING scroll labelled GOTIRR NUXT.
  2745 | D:2      | 2745 ||| READING scroll labelled HOAN RUFFA.
  2746 | D:2      | 2746 ||| READING 2 scrolls labelled WAXZAAN POSEUN.
  2781 | D:3      | 2781 ||| PLANNING SEWER
  2791 | D:3      | 2791 ||| Stepping ~*~*~tactically~*~*~ (hiding).
  2983 | D:3      | Noticed a black bear
  2994 | D:3      | HP: 4/26 [black bear (6)]
  2995 | D:3      | 2995 ||| READING scroll of teleportation.
  2995 | D:3      | Slain by a black bear

Levels and vault maps discovered:
D:1:      minmay_arrival_four_circles, layout_rooms,
          shapermc_ecumenical_altar_starsandcircs, serial_forest,
          infiniplex_forest_clump_medium, infiniplex_forest_clump_curved,
          infiniplex_forest_lined_room_, infiniplex_forest_clump_diagonal,
          infiniplex_forest_clump_tiny, infiniplex_forest_straight_2,
          chequers_big_river, feat_on_display
D:2:      kennysheep_six_static_rooms, layout_loops_ring, serial_rivers,
          chequers_serial_rivers_large_b, chequers_serial_rivers_small_3,
          chequers_serial_rivers_micro_e, chequers_serial_rivers_micro_e,
          chequers_serial_rivers_room_b, chequers_serial_rivers_micro_a
D:3:      layout_loops_ring, mainiacjoe_overflow_catwalk, portal_sewer_entry_b,
          uniq_grinder

Skill      XL: |  1  2  3 |
---------------+----------+-----
Axes           | 3 |  3.6
Shields        | 2 |  2.5
Fighting       | |  2.0
Throwing       | |  1.0
Armour         | |  1.1
Dodging        | |  2.1
Spellcasting   | |  2.0
Translocations | |  2.4

Action                   |  1- 3 |  4- 6 || total
-------------------------+-------+-------++-------
Melee: Hand axe          |    63 |    37 ||   100
       Kick              |    15 |     9 ||    24
       Peck              |     4 |     1 ||     5
Throw: Boomerang         |     7 |       ||     7
  Use: Scroll            |     5 |     5 ||    10
 Stab: Sleeping          |     1 |       ||     1
Armor: Leather armour    |     9 |       ||     9
       Ring mail         |    13 |    21 ||    34
Dodge: Dodged            |    22 |    15 ||    37
Block: Tower shield      |    13 |    28 ||    41

Table legend:
 A = Non-vault XP
 B = Vault XP
 C = Vault XP percentage of total XP
 D = Non-vault monster count
 E = Vault monster count
 F = Vault count percentage of total count
                 A         B        C        D         E       F
            +---------+---------+-------+---------+---------+-------
      Total |      94 |       8 |   7.8 |      36 |       6 |  14.3
            +---------+---------+-------+---------+---------+-------
        D:1 |      31 |       0 |   0.0 |      21 |       0 |   0.0
        D:2 |      52 |       8 |  13.3 |      10 |       6 |  37.5
        D:3 |      11 |       0 |   0.0 |       5 |       0 |   0.0
            +---------+---------+-------+---------+---------+-------
